 Dungeon Crawl Stone Soup version 0.27-a0-1529-g1e82c303ef (webtiles) character file.

Game seed: 5832216574691781948

205 Nausicaa the Ruffian (level 5, -2/50 HPs)
             Began as a Troll Monk on July 12, 2021.
             Slain by a steam dragon (5 damage)
             ... on level 6 of the Dungeon.
             The game lasted 00:06:31 (1549 turns).

Nausicaa the Ruffian (Troll Monk)                   Turns: 1549, Time: 00:06:32

Health: -2/50      AC:  4    Str: 19    XL:     5   Next: 52%
Magic:  4/4        EV: 10    Int:  7    God:
Gold:   128        SH:  0    Dex: 12    Spells: 4/4 levels left

rFire    . . .     SeeInvis .     - Unarmed
rCold    . . .     Faith    .   (no shield)
rNeg     . . .     Spirit   .   j - +0 robe
rPois    .         Reflect  .   (helmet restricted)
rElec    .         Harm     .   (no cloak)
rCorr    .         Rampage  .   (gloves unavailable)
Will     .....                  (boots unavailable)
Stlth    ++........             (no amulet)
HPRegen  1.16/turn              (no ring)
MPRegen  0.09/turn              (no ring)

@: no status effects
A: large, unfitting armour, claws 3, regeneration 1, shaggy fur 1, tough skin 1
a: no special abilities


You were on level 6 of the Dungeon.
You visited 1 branch of the dungeon, and saw 4 of its levels.

You collected 128 gold pieces.

Inventory:

Missiles
 b - 8 javelins (quivered)
Armour
 a - a +0 robe
 j - a +0 robe (worn)
Magical Staves
 f - a staff of air
Scrolls
 c - a scroll of noise {unknown}
 e - 3 scrolls of identify {unknown}
 g - 2 scrolls of immolation {unknown}
 h - a scroll of vulnerability {unknown}
 k - a scroll of magic mapping {unknown}
 l - a scroll of holy word {unknown}
Potions
 d - a potion of mutation {unknown}
 i - a potion of heal wounds {unknown}
 m - a potion of might {unknown}


   Skills:
 - Level 2.4 Fighting
 - Level 2.4 Dodging
 - Level 1.0 Stealth
 + Level 6.3 Unarmed Combat


You had 4 spell levels left.
You didn't know any spells.
Your spell library was empty.

Dungeon Overview and Level Annotations

Branches:
Dungeon (3/15)

Altars:
Zin

Shops:
D:2 [


Innate Abilities, Weirdness & Mutations

You are too large for most types of armour.
You have claws for hands.
Your natural rate of healing is unusually fast.
You are covered in fur. (AC +1)
You have tough skin. (AC +1)


Message History

You are engulfed in a cloud of scalding steam.
The steam dragon bites you but does no damage.
The steam dragon claws you.
An orc comes into view. It is wielding a +0 whip.
The steam dragon closely misses you. The steam dragon claws you.
You hear some strange, mumbled words.
You are confused.
You scratch the steam dragon.
The steam dragon is lightly wounded.
An orc wizard comes into view. It is wielding a +0 dagger.
The steam dragon barely misses you.
The steam dragon claws you but does no damage.
You bump into the rock wall.
The steam dragon bites you! The steam dragon claws you.
* * * LOW HITPOINT WARNING * * *
You barely miss the steam dragon. Your claw misses the steam dragon.
The steam dragon is lightly wounded.
Something hits you but does no damage. The steam dragon bites you.
* * * LOW HITPOINT WARNING * * *
The steam dragon barely misses you.
You barely miss the steam dragon.
The steam dragon is lightly wounded.
Something hits you but does no damage.
You barely miss the steam dragon.
The steam dragon is lightly wounded.
The steam dragon bites you.
* * * LOW HITPOINT WARNING * * *
The steam dragon claws you.
* * * LOW HITPOINT WARNING * * *
Something hits you but does no damage.
You barely miss the steam dragon.
The steam dragon is lightly wounded.
The steam dragon barely misses you. x2
You hear some strange, mumbled words.
A puff of flame appears from out of thin air!
The puff of flame hits you.
* * * LOW HITPOINT WARNING * * *
You feel less confused. The steam dragon bites you.
You die...

##...D...#
#...##.....
##.### ...
###)## . ##..##
##.o## #.{o#
##.D## #..@#
##...##
##.....####..
#............#
#.............##
#...#######...#
#..# ##..# #.#
.# ## #


You could see a steam dragon, an orc wizard and an orc.

Vanquished Creatures
  A hound (D:6)
  An orc priest (D:3)
  Jessica (D:2)
  Terence (D:1)
  An adder (D:2)
  An ufetubus (D:2)
  3 dart slugs
  7 orcs (D:3)
  3 ball pythons
  3 endoplasms
  3 giant cockroaches
  5 goblins
  7 hobgoblins
  10 jackals
  5 kobolds
  A quokka (D:2)
  2 bats
  5 frilled lizards
  3 rats (D:1)
63 creatures vanquished.

Notes
Turn   | Place    | Note
-------+----------+-------------------------------------------
     0 | D:1      | Nausicaa the Troll Monk began the quest for the Orb.
     0 | D:1      | Reached XP level 1. HP: 22/22 MP: 0/0
    76 | D:1      | Reached XP level 2. HP: 29/29 MP: 1/1
   229 | D:1      | Reached skill level 4 in Unarmed Combat
   491 | D:1      | Reached XP level 3. HP: 36/36 MP: 2/2
   675 | D:2      | Noticed Terence
   681 | D:1      | Killed Terence
   687 | D:2      | Found Qompyptesy's Armour Shop.
   687 | D:2      | Noticed Jessica
   700 | D:2      | Killed Jessica
   701 | D:2      | Reached skill level 5 in Unarmed Combat
   701 | D:2      | Reached XP level 4. HP: 27/44 MP: 3/3
   898 | D:2      | Found a faded altar of an unknown god.
  1154 | D:3      | Reached XP level 5. HP: 50/50 MP: 4/4
  1252 | D:3      | Found a glowing silver altar of Zin.
  1294 | D:3      | Reached skill level 6 in Unarmed Combat
  1501 | D:3      | You fall into a shaft and drop 3 floors!
  1524 | D:6      | Noticed a steam dragon
  1548 | D:6      | HP: 2/50 [something/puff of flame (5)]
  1549 | D:6      | Slain by a steam dragon

Illustrated notes

Levels and vault maps discovered:
D:1:      enne_arrival_octagon_isle, layout_basic
D:2:      layout_rooms, serial_shops, shop, hellmonk_ecumenical_altar_zigzags,
          uniq_jessica, uniq_terence
D:3:      minmay_evil_eye, layout_basic, lemuel_round_altar
D:6:      layout_layer_cave, nzn_wu_jian_council_hall,
          hangedman_abyss_or_decor_lesser_grid

Skill      XL: |  1  2  3  4  5 |
---------------+----------------+-----
Unarmed Combat | 4 5 6 |  6.3
Fighting       | |  2.4
Dodging        | |  2.4
Stealth        | |  1.0

Action                   |  1- 3 |  4- 6 || total
-------------------------+-------+-------++-------
Melee: Unarmed           |    47 |   101 ||   148
       Punch             |     1 |     2 ||     3
 Stab: Sleeping          |     2 |     2 ||     4
       Distracted        |       |     1 ||     1
Armor: Robe              |    15 |    35 ||    50
Dodge: Dodged            |    18 |    37 ||    55

Table legend: (Time is in decaauts)
 A = Elapsed time spent in this place.
 B = Non-inter-level travel time spent in this place.
 C = Inter-level travel time spent in this place.
 D = Time resting spent in this place.
 E = Time spent auto-exploring this place.
 F = Levels seen in this place.
 G = Mean time per level.
                   A        B        C        D        E       F      G
               +--------+--------+--------+--------+--------+-----+--------+
         Total |   1536 |   1499 |     37 |      0 |   1073 |   4 |  384.0 |
       Dungeon |   1536 |   1499 |     37 |      0 |   1073 |   4 |  384.0 |
               +--------+--------+--------+--------+--------+-----+--------+

Top non-repeatable levels by time:
     D:1: 679 daAuts
     D:2: 424 daAuts
     D:3: 386 daAuts
     D:6: 45 daAuts
